TOP OF THE 1ST |
Buckhead Bowties batting - Pitching for Oakland Oaks : RHP Burm Snart
|
Pitching: RHP Burm Snart
|
|
Batting: LHB José Valéncia
|
0-0: Called Strike 0-1: Ball 1-1: Called Strike 1-2: Ground out 5-3 (Groundball, 5L)
|
Batting: RHB Won-min Yi
|
0-0: Called Strike 0-1: Ball 1-1: Foul Ball, location: 2F 1-2: SINGLE (Flyball, 8LS)
|
Batting: RHB Richard Jost
|
0-0: Ball 1-0: Ball 2-0: Called Strike 2-1: Ball 3-1: Ground out 3-1 (Groundball, 34S) Won-min Yi to second
|
Batting: LHB Gregg Young
|
0-0: Called Strike 0-1: SINGLE (Line Drive, 89S) Won-min Yi to third Runner from 3rd tries for Home, SAFE, no throw
|
Batting: RHB Vojtech Farkas
|
0-0: Foul Ball, location: 2F 0-1: SINGLE (Groundball, 4D) Gregg Young to second Runner from 2nd tries for 3rd, SAFE, no throw
|
Batting: LHB José Hernández
|
0-0: Called Strike 0-1: Swinging Strike 0-2: Ball 1-2: Ball 2-2: Strikes out looking
|
Top of the 1st over - 1 run, 3 hits, 0 errors, 2 left on base; Buckhead 1 - Oakland 0 |
BOTTOM OF THE 1ST |
Oakland Oaks batting - Pitching for Buckhead Bowties : LHP Dale Hamilton
|
Pitching: LHP Dale Hamilton
|
|
Batting: RHB Mike Wazowski
|
0-0: Foul Ball, location: 2F 0-1: Called Strike 0-2: Ground out 5-3 (Groundball, 56)
|
Batting: SHB Luis Luquín
|
0-0: Foul Ball, location: 2F 0-1: Called Strike 0-2: Ball 1-2: Strikes out swinging
|
Batting: RHB Joseph Papasogli
|
0-0: Called Strike 0-1: Foul Ball, location: 2F 0-2: Ball 1-2: Ball 2-2: Strikes out swinging
|
Bottom of the 1st over - 0 runs, 0 hits, 0 errors, 0 left on base; Buckhead 1 - Oakland 0 |
TOP OF THE 2ND |
Buckhead Bowties batting - Pitching for Oakland Oaks : RHP Burm Snart
|
Batting: RHB Mike Burns
|
0-0: Ball 1-0: DOUBLE (Line Drive, 7LM)
|
Batting: RHB Ricardo Cardenas
|
0-0: Called Strike 0-1: Ball 1-1: Ball 2-1: Fly out, F7 (Flyball, 7)
|
Batting: RHB Phil Baker
|
0-0: Ball 1-0: Fly out, F4 (Popup, 4S)
|
Batting: LHB José Valéncia
|
0-0: Called Strike 0-1: Ground out 3-1 (Groundball, 34S)
|
Top of the 2nd over - 0 runs, 1 hit, 0 errors, 1 left on base; Buckhead 1 - Oakland 0 |
BOTTOM OF THE 2ND |
Oakland Oaks batting - Pitching for Buckhead Bowties : LHP Dale Hamilton
|
Batting: RHB Micah Coffey
|
0-0: Called Strike 0-1: Ball 1-1: Ball 2-1: Ball 3-1: Base on Balls
|
Batting: LHB Todd Henry
|
Pickoff Throw to First - Out! 0-0: Called Strike 0-1: Ground out 5-3 (Groundball, 56)
|
Batting: RHB Joe Phillips
|
0-0: SINGLE (Line Drive, 5D)
|
Batting: LHB Edwin Church
|
0-0: Called Strike 0-1: Called Strike 0-2: Foul Ball, location: 2F 0-2: Ball 1-2: Foul Ball, location: 2F 1-2: Strikes out looking
|
Bottom of the 2nd over - 0 runs, 1 hit, 0 errors, 1 left on base; Buckhead 1 - Oakland 0 |
TOP OF THE 3RD |
Buckhead Bowties batting - Pitching for Oakland Oaks : RHP Burm Snart
|
Batting: RHB Won-min Yi
|
0-0: Swinging Strike 0-1: Ball 1-1: Called Strike 1-2: Strikes out looking
|
Batting: RHB Richard Jost
|
0-0: DOUBLE (Line Drive, 8RD)
|
Batting: LHB Gregg Young
|
0-0: Called Strike 0-1: Foul Ball, location: 2F 0-2: Ball 1-2: SINGLE (Groundball, 34) (infield hit) Richard Jost to third
|
Batting: RHB Vojtech Farkas
|
0-0: Called Strike 0-1: Called Strike 0-2: Ball 1-2: Ball 2-2: Fly out, F9 (Flyball, 9) Runner from 3rd tags up, SCORES, throw made
|
Batting: LHB José Hernández
|
0-0: Ball 1-0: Fielders Choice at 2nd, 6-4 (Groundball, 6)
|
Top of the 3rd over - 1 run, 2 hits, 0 errors, 1 left on base; Buckhead 2 - Oakland 0 |
BOTTOM OF THE 3RD |
Oakland Oaks batting - Pitching for Buckhead Bowties : LHP Dale Hamilton
|
Batting: RHB Tetsunori Kimura
|
0-0: Ball 1-0: Foul Ball, location: 2F 1-1: Foul Ball, location: 2F 1-2: Fly out, F7 (Flyball, 78S)
|
Batting: LHB David Holbrook
|
0-0: Called Strike 0-1: Ball 1-1: Ground out 4-3 (Groundball, 34)
|
Batting: RHB Mike Wazowski
|
0-0: Ball 1-0: Called Strike 1-1: SINGLE (Flyball, 5D)
|
Batting: SHB Luis Luquín
|
0-0: Swinging Strike 0-1: Foul Ball, location: 2F 0-2: Ball Mike Wazowski is caught stealing 2nd base
|
Bottom of the 3rd over - 0 runs, 1 hit, 0 errors, 0 left on base; Buckhead 2 - Oakland 0 |
TOP OF THE 4TH |
Buckhead Bowties batting - Pitching for Oakland Oaks : RHP Burm Snart
|
Batting: RHB Mike Burns
|
0-0: Called Strike 0-1: Called Strike 0-2: Fly out, F7 (Flyball, 7S)
|
Batting: RHB Ricardo Cardenas
|
0-0: Foul Ball, location: 2F 0-1: Fly out, F9 (Flyball, 89D)
|
Batting: RHB Phil Baker
|
0-0: Called Strike 0-1: Ground out 6-3 (Groundball, 6)
|
Top of the 4th over - 0 runs, 0 hits, 0 errors, 0 left on base; Buckhead 2 - Oakland 0 |
BOTTOM OF THE 4TH |
Oakland Oaks batting - Pitching for Buckhead Bowties : LHP Dale Hamilton
|
Batting: SHB Luis Luquín
|
0-0: Ball 1-0: Ball 2-0: Foul Ball, location: 2F 2-1: Foul Ball, location: 2F 2-2: Ground out 6-3 (Groundball, 56)
|
Batting: RHB Joseph Papasogli
|
0-0: Called Strike 0-1: SINGLE (Groundball, 56D)
|
Batting: RHB Micah Coffey
|
0-0: Called Strike 0-1: Ball 1-1: Called Strike 1-2: Ball 2-2: Ball 3-2: Foul Ball, location: 2F 3-2: DOUBLE (Groundball, 5L) Joseph Papasogli to third Runner from 3rd tries for Home, SAFE, no throw
|
Batting: LHB Todd Henry
|
0-0: Swinging Strike 0-1: Called Strike 0-2: Foul Ball, location: 2F 0-2: Strikes out swinging, 2-3 out at first.
|
Batting: RHB Joe Phillips
|
0-0: Foul Ball, location: 2F 0-1: SINGLE (Groundball, 4MD) Micah Coffey to third Runner from 3rd tries for Home, SAFE, no throw
|
Batting: LHB Edwin Church
|
0-0: Called Strike 0-1: Hit by Pitch Joe Phillips to second
|
Batting: RHB Tetsunori Kimura
|
0-0: Fly out, F4 (Popup, 3D)
|
Bottom of the 4th over - 2 runs, 3 hits, 0 errors, 2 left on base; Buckhead 2 - Oakland 2 |
TOP OF THE 5TH |
Buckhead Bowties batting - Pitching for Oakland Oaks : RHP Burm Snart
|
Batting: LHB José Valéncia
|
0-0: Called Strike 0-1: Ball 1-1: Called Strike 1-2: Ball 2-2: Foul Ball, location: 2F 2-2: Ground out 5-3 (Groundball, 56)
|
Batting: RHB Won-min Yi
|
0-0: Called Strike 0-1: Ground out U3 (Groundball, 3)
|
Batting: RHB Richard Jost
|
0-0: Called Strike 0-1: Ball 1-1: Called Strike 1-2: Fly out, F7 (Flyball, 7D)
|
Top of the 5th over - 0 runs, 0 hits, 0 errors, 0 left on base; Buckhead 2 - Oakland 2 |
BOTTOM OF THE 5TH |
Oakland Oaks batting - Pitching for Buckhead Bowties : LHP Dale Hamilton
|
Batting: LHB David Holbrook
|
0-0: Fly out, F8 (Flyball, 78XD)
|
Batting: RHB Mike Wazowski
|
0-0: Called Strike 0-1: Called Strike 0-2: Strikes out swinging
|
Batting: SHB Luis Luquín
|
0-0: Ball 1-0: SINGLE (Line Drive, 6)
|
Batting: RHB Joseph Papasogli
|
0-0: Called Strike 0-1: Swinging Strike 0-2: Ground out 5-3 (Groundball, 5S)
|
Bottom of the 5th over - 0 runs, 1 hit, 0 errors, 1 left on base; Buckhead 2 - Oakland 2 |
TOP OF THE 6TH |
Buckhead Bowties batting - Pitching for Oakland Oaks : RHP Burm Snart
|
Batting: LHB Gregg Young
|
0-0: Ball 1-0: Ground out U3 (Groundball, 34)
|
Batting: RHB Vojtech Farkas
|
0-0: Ground out 5-3 (Groundball, 56S)
|
Batting: LHB José Hernández
|
0-0: SOLO HOME RUN (Flyball, 9D), Distance : 368 ft
|
Batting: RHB Mike Burns
|
0-0: Ball 1-0: Ball 2-0: Swinging Strike 2-1: Ball 3-1: Called Strike 3-2: Base on Balls
|
Batting: RHB Ricardo Cardenas
|
0-0: Ball 1-0: Ball 2-0: Swinging Strike 2-1: Ball 3-1: Base on Balls Mike Burns to second
|
Batting: RHB Phil Baker
|
0-0: Called Strike 0-1: Ball 1-1: Ball 2-1: Ground out 4-3 (Groundball, 4)
|
Top of the 6th over - 1 run, 1 hit, 0 errors, 2 left on base; Buckhead 3 - Oakland 2 |
BOTTOM OF THE 6TH |
Oakland Oaks batting - Pitching for Buckhead Bowties : LHP Dale Hamilton
|
Batting: RHB Micah Coffey
|
0-0: Ball 1-0: Ball 2-0: Called Strike 2-1: Foul Ball, location: 2F 2-2: Foul Ball, location: 2F 2-2: Strikes out swinging
|
Batting: LHB Todd Henry
|
0-0: Ball 1-0: Ball 2-0: Foul Ball, location: 2F 2-1: Foul Ball, location: 2F 2-2: Ball 3-2: Foul Ball, location: 2F 3-2: Base on Balls
|
Batting: RHB Joe Phillips
|
0-0: Ball 1-0: Ball 2-0: Swinging Strike 2-1: Ball 3-1: Called Strike 3-2: Base on Balls Todd Henry to second
|
Batting: LHB Edwin Church
|
0-0: Called Strike 0-1: Swinging Strike 0-2: Foul Ball, location: 2F 0-2: Strikes out swinging
|
Batting: RHB Tetsunori Kimura
|
0-0: SINGLE (Groundball, 25) (infield hit) Todd Henry to third Joe Phillips to second
|
Batting: LHB David Holbrook
|
0-0: Foul Ball, location: 2F 0-1: Ball 1-1: Foul Ball, location: 2F 1-2: Ball 2-2: Strikes out looking
|
Bottom of the 6th over - 0 runs, 1 hit, 0 errors, 3 left on base; Buckhead 3 - Oakland 2 |
TOP OF THE 7TH |
Buckhead Bowties batting - Pitching for Oakland Oaks : RHP Burm Snart
|
Pitching: RHP Gil Brown
|
|
Batting: LHB José Valéncia
|
0-0: Called Strike 0-1: Ball 1-1: Ball 2-1: Ball 3-1: Base on Balls
|
Batting: RHB Won-min Yi
|
0-0: Ball 1-0: Called Strike 1-1: Fielders Choice at 2nd, 5-4 (Groundball, 56)
|
Batting: RHB Richard Jost
|
0-0: Called Strike 0-1: Ball 1-1: Fly out, F7 (Flyball, 7D)
|
Batting: LHB Gregg Young
|
0-0: Ball 1-0: Ball 2-0: Ball 3-0: Called Strike 3-1: Ground out U3 (Groundball, 3L)
|
Top of the 7th over - 0 runs, 0 hits, 0 errors, 1 left on base; Buckhead 3 - Oakland 2 |
BOTTOM OF THE 7TH |
Oakland Oaks batting - Pitching for Buckhead Bowties : LHP Dale Hamilton
|
Pitching: LHP Ramón Torres
|
|
Batting: RHB Mike Wazowski
|
0-0: Ball 1-0: Ball 2-0: Called Strike 2-1: Foul Ball, location: 2F 2-2: Reached on error, E9 (Flyball, 89S)
|
Batting: SHB Luis Luquín
|
0-0: Fielders Choice at 2nd, 3-6 (Groundball, 34)
|
Batting: RHB Joseph Papasogli
|
0-0: DOUBLE (Line Drive, 7LD) Luis Luquín to third Runner from 3rd tries for Home, SAFE, no throw
|
Batting: RHB Micah Coffey
|
0-0: Ball 1-0: Foul Ball, location: 2F 1-1: Foul Ball, location: 2F 1-2: Ground out 4-3 (Groundball, 4) Joseph Papasogli to third
|
Batting: LHB Todd Henry
|
0-0: SINGLE (Line Drive, 9S) Joseph Papasogli scores
|
Batting: RHB Joe Phillips
|
0-0: Called Strike 0-1: Ball 1-1: Ground out 6-3 (Groundball, 6MS)
|
Bottom of the 7th over - 2 runs, 2 hits, 1 error, 1 left on base; Buckhead 3 - Oakland 4 |
TOP OF THE 8TH |
Buckhead Bowties batting - Pitching for Oakland Oaks : RHP Gil Brown
|
Batting: RHB Vojtech Farkas
|
0-0: Fly out, F2 (Popup, 23F)
|
Batting: LHB José Hernández
|
0-0: Ball 1-0: Foul Ball, location: 2F 1-1: Called Strike 1-2: Strikes out swinging
|
Batting: RHB Mike Burns
|
0-0: Ball 1-0: Called Strike 1-1: Foul Ball, location: 2F 1-2: Fly out, F9 (Flyball, 9LSF)
|
Top of the 8th over - 0 runs, 0 hits, 0 errors, 0 left on base; Buckhead 3 - Oakland 4 |
BOTTOM OF THE 8TH |
Oakland Oaks batting - Pitching for Buckhead Bowties : LHP Ramón Torres
|
Batting: LHB Edwin Church
|
0-0: Called Strike 0-1: Ball 1-1: Swinging Strike 1-2: Strikes out looking
|
Batting: RHB Tetsunori Kimura
|
0-0: Ball 1-0: Called Strike 1-1: Swinging Strike 1-2: Strikes out swinging
|
Batting: LHB David Holbrook
|
0-0: Called Strike 0-1: Ground out 5-3 (Groundball, 56)
|
Bottom of the 8th over - 0 runs, 0 hits, 0 errors, 0 left on base; Buckhead 3 - Oakland 4 |
TOP OF THE 9TH |
Buckhead Bowties batting - Pitching for Oakland Oaks : RHP Gil Brown
|
Pitching: RHP Jeff Territt
|
|
Batting: RHB Ricardo Cardenas
|
0-0: Ball 1-0: Ground out 4-3 (Groundball, 34S)
|
Batting: RHB Phil Baker
|
0-0: Foul Ball, location: 2F 0-1: Fly out, F7 (Flyball, 78M)
|
Batting: LHB José Valéncia
|
0-0: Foul Ball, location: 2F 0-1: Foul Ball, location: 2F 0-2: Ball 1-2: SINGLE (Flyball, 89S)
|
Batting: RHB Won-min Yi
|
0-0: SINGLE (Flyball, 9LS) José Valéncia to second Runner from 2nd tries for 3rd, SAFE, no throw
|
Batting: RHB Richard Jost
|
0-0: Fly out, F9 (Flyball, 89S)
|
Top of the 9th over - 0 runs, 2 hits, 0 errors, 2 left on base; Buckhead 3 - Oakland 4 |
|